 Dungeon Crawl Stone Soup version 0.28-a0-407-g69098e2f6d (webtiles) character file.

Game seed: 17107179222642049652

35 ytrimaz the Ducker (level 3, 19/19 HPs)
             Began as a Spriggan Abyssal Knight on Sept 5, 2021.
             Was a Follower of Lugonu.
             Quit the game on level 1 of the Dungeon.
             The game lasted 00:03:12 (1847 turns).

ytrimaz the Ducker (Spriggan Abyssal Knight)        Turns: 1847, Time: 00:03:13

Health: 19/19      AC:  3    Str:  8    XL:     3   Next: 16%
Magic:  5/5        EV: 18    Int: 13    God:    Lugonu [*.....]
Gold:   36         SH:  0    Dex: 15    Spells: 2/2 levels left

rFire   . . .      SeeInvis +   a - +1 short sword
rCold   . . .      Faith    .   (shield restricted)
rNeg    . . .      Spirit   .   b - +1 robe
rPois   .          Reflect  .   (helmet restricted)
rElec   .          Harm     .   (no cloak)
rCorr   .          Rampage  .   (gloves unavailable)
Will    .....                   (boots unavailable)
Stlth   ++........              (no amulet)
HPRegen 0.06/turn               (no ring)
MPRegen 0.09/turn               (no ring)

@: very quick
A: very small, no large weapons, unfitting armour, see invisible, speed 3
a: Renounce Religion, Depart the Abyss


You were on level 1 of the Dungeon.
You worshipped Lugonu.
Lugonu was aware of your devotion.
You visited 1 branch of the dungeon, and saw 1 of its levels.
You visited the Abyss 1 time.

You collected 36 gold pieces.

Inventory:

Hand Weapons
 a - a +1 short sword (weapon)
 e - a +0 dagger
 g - a +0 dagger of protection
Armour
 b - a +1 robe (worn)
Scrolls
 f - a scroll of fog {unknown}
Potions
 c - a potion of ambrosia {unknown}
 d - a potion of mutation {unknown}


   Skills:
 + Level 2.9 Fighting
 + Level 2.5 Short Blades
 + Level 3.5 Dodging
 * Level 2.0 Stealth
 + Level 2.0 Invocations


You had 2 spell levels left.
You didn't know any spells.
Your spell library contained the following spells:

 Spells                   Type           Power      Damage    Failure   Level
 Gell's Gravitas          Tloc           0%         N/A       67%         3
 Lesser Beckoning         Tloc           0%         N/A       67%         3
 Teleport Other           Tloc           0%         N/A       67%         3


Dungeon Overview and Level Annotations

Branches:
Dungeon (1/15)

Altars:


Innate Abilities, Weirdness & Mutations

You are very small and have problems with some larger weapons.
You are too small for most types of armour.
You have supernaturally acute eyesight. (SInv)
You cover ground extremely quickly. (Speed+++)


Message History

You barely miss the bat. The bat closely misses you. The bat hits you.
The bat hits you but does no damage. The bat misses you.
The bat closely misses you.
You closely miss the bat. The bat misses you.
You hit the bat.
You kill the bat!
Lugonu accepts your kill.
You see here a bat corpse.
An endoplasm comes into view.
An endoplasm is nearby!
An endoplasm is nearby!
The helpless endoplasm fails to defend itself.
You puncture the endoplasm!
You kill the endoplasm!
Lugonu accepts your kill.
Your Stealth skill increases to level 2!
You see here a +0 dagger of protection.
g - a +0 dagger of protection A kobold comes into view.
It is wielding a +0 short sword.
A kobold is nearby!
A kobold is nearby!
The kobold shouts!
The kobold completely misses you.
You see here 8 silver boomerangs.
You miss the kobold.
The kobold hits you with a +0 short sword.
You barely miss the kobold. The kobold closely misses you.
You hit the kobold.
The kobold is severely wounded.
The kobold completely misses you.
You hit the kobold.
You kill the kobold!
Lugonu accepts your kill.
Things that are here:
a +0 short sword; a stone
There is an escape hatch in the floor here.
Found a dagger.
Found a stone staircase leading down.
Are you sure you want to abandon this character and quit the game? (Confirm with "yes".)

#.############).# #.....#.
#.# #..# #....... #.# #..#
##..##.# #)# #..# #..##.#
#.# #..# #..##.# #.# #..#
#..##.# #.# ######..#
###..... #.#
#.......######## #_#.##.#
#.# #.##....@......(
#^#.##.# #.#
#......########> #.#.##.#
#.# #..#.### #.##.#.##.#
#.# #).#.# #.#)...##.# #.#
#..#.# #.#.##.....
#.#######..#.#######
#.#.##.....
......[............##
#.#.#####.#
.####.###..#.####.#.###.#.#
#.... .# #.#
#..#.##....#.##.#.# #.#..


There were no monsters in sight!

Vanquished Creatures
  A dart slug (D:1)
  6 ball pythons (D:1)
  4 bats (D:1)
  5 endoplasms (D:1)
  2 hobgoblins (D:1)
  4 kobolds (D:1)
  A quokka (D:1)
  3 frilled lizards (D:1)
  2 goblins (D:1)
  2 rats (D:1)
30 creatures vanquished.

Notes
Turn   | Place    | Note
-------+----------+-------------------------------------------
     0 | Abyss:1  | ytrimaz the Spriggan Abyssal Knight began the quest for the
                  | Orb.
     0 | Abyss:1  | Reached XP level 1. HP: 11/11 MP: 3/3
   125 | Abyss:1  | Noticed a large abomination
   130 | Abyss:1  | Noticed a small abomination
   133 | Abyss:1  | Noticed a thrashing horror
   139 | Abyss:1  | Noticed a ynoxinul
   176 | Abyss:1  | Noticed a neqoxec
   182 | Abyss:1  | Noticed a small abomination
   195 | Abyss:1  | Noticed a green death
   199 | D:1      | Escaped the Abyss
   539 | D:1      | Reached XP level 2. HP: 9/16 MP: 4/4
   753 | D:1      | Reached skill level 1 in Stealth
   892 | D:1      | Reached * piety under Lugonu
  1299 | D:1      | Found a faded altar of an unknown god.
  1396 | D:1      | Reached XP level 3. HP: 9/19 MP: 5/5
  1847 | D:1      | Quit the game

Illustrated notes

Levels and vault maps discovered:
D:1:      mrwooster_arrival_statue, layout_loops_ring,
          hellmonk_ecumenical_altar_leap_of_faith, minmay_tetromino_t2

Skill      XL: |  1  2  3 |
---------------+----------+-----
Stealth        | 1 2 |  2.0
Invocations    | 2 |  2.0
Fighting       | |  2.9
Short Blades   | |  2.5
Dodging        | |  3.5

Action                   || total
-------------------------++-------
Melee: Short sword       ||    98
Invok: Depart the Abyss  ||     1
  Use: Scroll            ||     1
       Potion            ||     1
 Stab: Sleeping          ||     7
Armor: Robe              ||    24
Dodge: Dodged            ||    82

Table legend: (Time is in decaauts)
 A = Elapsed time spent in this place.
 B = Non-inter-level travel time spent in this place.
 C = Inter-level travel time spent in this place.
 D = Time resting spent in this place.
 E = Time spent auto-exploring this place.
 F = Levels seen in this place.
 G = Mean time per level.
                   A        B        C        D        E       F      G
               +--------+--------+--------+--------+--------+-----+--------+
         Total |   1553 |   1553 |      0 |     53 |   1232 |   2 |  776.5 |
       Dungeon |   1432 |   1432 |      0 |     53 |   1162 |   1 | 1432.0 |
         Abyss |    121 |    121 |      0 |      0 |     70 |   1 |  121.0 |
               +--------+--------+--------+--------+--------+-----+--------+

Top non-repeatable levels by time:
     D:1: 1432 daAuts
 Abyss:1: 121 daAuts
